 Dungeon Crawl Stone Soup version 0.17-a0-1646-geb1493d (webtiles) character file.

53 FaultmasterFlex the Poker (level 3, -3/29 HPs)
             Began as a Demonspawn Chaos Knight on Aug 12, 2015.
             Killed from afar by Sigmund (9 damage)
             ... with a puff of flame
             ... on level 2 of the Dungeon.
             The game lasted 00:02:55 (1293 turns).

FaultmasterFlex the Poker (Demonspawn Chaos Knight) Turns: 1293, Time: 00:02:55

Health: -3/29      AC:  6    Str: 12    XL:     3   Next: 64%
Magic:  3/3        EV: 16    Int: 13    God:    Xom [..*...]
Gold:   76         SH:  0    Dex: 18    Spells: 0 memorised, 2 levels left

rFire  . . .     SeeInvis .     a - +0 spear (chaos)
rCold  . . .     Clarity  .     b - +2 leather armour
rNeg   . . .     SustAt   .     (no shield)
rPois  .         Gourm    .     (helmet restricted)
rElec  .         Spirit   .     (no cloak)
rCorr  .         Warding  .     (no gloves)
rMut   .         Stasis   .     (no boots)
MR     .....                    (no amulet)
Stlth  ++........               (no ring)
                                (no ring)

@: agile, not resistant to hostile enchantments, unstealthy
A: antennae 1, rugged brown scales 1
a: Renounce Religion


You were on level 2 of the Dungeon.
You worshipped Xom.
You were a toy of Xom.
You were not hungry.

You visited 1 branch of the dungeon, and saw 2 of its levels.

You collected 76 gold pieces.

Inventory:

Hand weapons
 a - a +0 spear of chaos (weapon)
Armour
 b - a +2 leather armour (worn)
Scrolls
 g - a scroll of remove curse {unknown}
 h - 4 scrolls of identify
 i - a scroll of recharging {unknown}
Potions
 e - a potion of brilliance
Comestibles
 c - a bread ration
 d - 2 meat rations


   Skills:
 - Level 3.0 Fighting
 + Level 4.2 Polearms
 - Level 1.7 Armour
 - Level 0.8 Dodging


You had 2 spell levels left.
You didn't know any spells.

Dungeon Overview and Level Annotations

Branches:
Dungeon (2/15)

Altars:
Zin

Annotations:
D:2 Sigmund


Innate Abilities, Weirdness & Mutations

You have a pair of small antennae on your head.
You are partially covered in rugged brown scales (AC +1, +3% HP).


Message History

The puff of flame misses you.
Xom's attention almost turns to you for a moment.
You hear strange voices.
Sigmund casts a spell at you.
You are confused.
All of the chunks of flesh in your inventory have rotted away.
You're too confused to move!
Sigmund points at you and mumbles some strange words.
The puff of flame hits you!
* * * LOW HITPOINT WARNING * * *
Things that are here:
a dagger; a goblin corpse
Found a glowing silver altar of Zin.
You feel less confused. Sigmund misses you.
Sigmund says, "Don't worry, I'll kill you fast."
Sigmund gestures at you while chanting. The puff of flame hits you!
You die...
Xom chortles!

# ###♣♣♣♣. ## ##..♣._.♣♣.##
#...........# #...........#
#....# ##...........#
#....####...........######
##..... .......@..# #...#
##....# #....#....####...#
##....# #....#...........#
.#....# ###.###..)@..##...#
.#....###.........†.###...#
.#........#.#...(.#...#####
....#######.#.#######.##########
....# * #.#.# #.#.....#....
##......* #.#.# #............


You could see Sigmund.

Vanquished Creatures
  An adder (D:2)
  An ooze (D:1)
  A worm (D:2)
  A giant gecko (D:1)
  3 giant cockroaches
  5 goblins
  2 hobgoblins (D:1)
  5 jackals (D:1)
  A quokka (D:2)
  3 bats (D:1)
  A giant newt (D:1)
  4 kobolds (D:1)
  7 rats
35 creatures vanquished.

Notes
Turn   | Place    | Note
--------------------------------------------------------------
     0 | D:1      | FaultmasterFlex the Demonspawn Chaos Knight began the quest for the Orb.
     0 | D:1      | Reached XP level 1. HP: 18/18 MP: 1/1
   224 | D:1      | Gained mutation: You have a pair of small antennae on your head. [demonic ancestry]
   224 | D:1      | Reached XP level 2. HP: 22/24 MP: 2/2
   482 | D:1      | XOM: harmless Ice miscast
   744 | D:1      | Gained mutation: You are partially covered in rugged brown scales (AC +1, +3% HP). [demonic ancestry]
   744 | D:1      | Reached XP level 3. HP: 24/29 MP: 3/3
   917 | D:1      | XOM: harmless Fire miscast
   952 | D:1      | XOM: harmless Chrm miscast
   955 | D:1      | XOM: divination: detect creatures
   992 | D:2      | Reached skill level 4 in Polearms
  1171 | D:2      | XOM: harmless Divn miscast
  1249 | D:2      | Noticed Sigmund
  1252 | D:2      | XOM: divination: magic mapping
  1277 | D:2      | XOM: potion effect (agility)
  1280 | D:2      | XOM: potion effect (agility)
  1283 | D:2      | XOM: harmless Divn miscast
  1287 | D:2      | Found a glowing silver altar of Zin.
  1293 | D:2      | Killed from afar by Sigmund

Vault maps used:
D:1:      onia_arrival_handbag
D:2:      zin_academy, first_bread, uniq_sigmund, uniq_jessica

Action                   || total
-------------------------++-------
Melee: Spear             ||   109
  Use: Scroll            ||     3
       Potion            ||     1
 Stab: Paralysed         ||     2
       Sleeping          ||     2
       Confused          ||     1
  Eat: Chunk             ||     1
